 Dungeon Crawl Stone Soup version 0.25-a0-489-g9ae84a01e3 (webtiles) character file.

Game seed: 8542956981182418155, levelgen mode: deterministic

71 Gargoyl the Skirmisher (level 4, -3/38 HPs)
             Began as a Centaur Abyssal Knight on Feb 11, 2020.
             Was a Follower of Lugonu.
             Slain by a scorpion (6 damage)
             ... on level 4 of the Dungeon.
             The game lasted 00:02:48 (2506 turns).

Gargoyl the Skirmisher (Centaur Abyssal Knight)     Turns: 2506, Time: 00:02:49

Health: -3/38      AC:  5    Str: 15      XL:     4   Next: 5%
Magic:  6/6        EV:  8    Int: 10 (11) God:    Lugonu [*.....]
Gold:   123        SH:  0    Dex:  8 (9)  Spells: 3/3 levels left

rFire    . . .     SeeInvis .   a - +2 hand axe
rCold    . . .     Gourm    .   (no shield)
rNeg     . . .     Faith    .   g - +0 ring mail
rPois    .         Spirit   .   (no helmet)
rElec    .         Reflect  .   (no cloak)
rCorr    .         Harm     .   (no gloves)
MR       .....                  (no barding)
Stlth    ..........             (no amulet)
HPRegen  0.12/turn              (no ring)
MPRegen  0.10/turn              (no ring)

@: lethally poisoned (-3 -> -11), very quick
A: large, hooves 3, deformed body, speed 2, tough skin 3
a: Depart the Abyss, Renounce Religion


You were on level 4 of the Dungeon.
You worshipped Lugonu.
Lugonu was aware of your devotion.
You were near starving.

You visited 1 branch of the dungeon, and saw 4 of its levels.
You visited the Abyss 1 time.

You collected 123 gold pieces.

Inventory:

Hand Weapons
 a - a +2 hand axe (weapon)
Armour
 g - a +0 ring mail (worn)
Potions
 d - a potion of resistance
 e - a potion of flight
Comestibles
 c - 6 rations


   Skills:
 + Level 3.5 Fighting
 + Level 2.2 Axes
 * Level 2.0 Armour
 * Level 1.1 Dodging
 * Level 2.6 Invocations


You had 3 spell levels left.
You didn't know any spells.
Your spell library was empty.

Dungeon Overview and Level Annotations

Branches:
Dungeon (4/15)             Temple (0/1) D:4

Altars:
Kikubaaqudgha
Sif Muna


Innate Abilities, Weirdness & Mutations

You have hooves in place of feet.
Armour fits poorly on your strangely shaped body.
You cover ground very quickly.
You have extremely tough skin. (AC +3)


Message History

Unknown command.
It was a potion of flight.
You feel very buoyant.
You fly up into the air.
* * * LOW HITPOINT WARNING * * *
You feel sick. The scorpion misses you.
It was a potion of cancellation.
Your magical effects are unravelling.
You feel magically purged.
You float gracefully downwards.
* * * LOW HITPOINT WARNING * * *
You feel sick. The scorpion barely misses you.
You hit the scorpion.
The scorpion is severely wounded.
* * * LOW HITPOINT WARNING * * *
You feel sick. The scorpion closely misses you.
You hit the scorpion but do no damage.
The scorpion is severely wounded.
* * * LOW HITPOINT WARNING * * *
You feel sick. The scorpion stings you.
You die...

.. #....# +####.. ####....####
....... #..##'#....###### .......
#.....#....#....# .........
######.....#....#....#
.....>....#..........#....#)...#
..........#........[.#....'....#
..........###.########....#######
#...#.......#.##@.##.###.........
..#.........#...s......#.........
#...........#.........[#.........
....#.......'..........#.........
....#.......#..........+.........
....#.......##..######.#.........
##+##....#+###..# ########## #...
..... +.. .......


You could see a scorpion.

Vanquished Creatures
  A hound skeleton (D:4)
  An ooze (D:3)
  A worm (D:4)
  A dart slug (D:1)
  2 leopard geckos
  4 orcs (D:3)
  5 bats
  3 giant cockroaches
  7 goblins
  7 hobgoblins (D:1)
  A ball python (D:1)
  3 frilled lizards
  4 kobolds
  A rat (D:1)
41 creatures vanquished.

Notes
Turn   | Place    | Note
-------+----------+-------------------------------------------
     0 | Abyss:1  | Gargoyl the Centaur Abyssal Knight began the quest for the
                  | Orb.
     0 | Abyss:1  | Reached XP level 1. HP: 19/19 MP: 2/2
   100 | Abyss:1  | Found a corrupted altar of Lugonu.
   167 | Abyss:1  | Noticed a ynoxinul
   179 | Abyss:1  | Noticed a guardian serpent
   184 | D:1      | Escaped the Abyss
   608 | D:1      | Reached XP level 2. HP: 13/26 MP: 3/3
   807 | D:1      | Reached * piety under Lugonu
  1250 | D:2      | Reached skill level 1 in Dodging
  1270 | D:2      | Found an ancient bone altar of Kikubaaqudgha.
  1270 | D:2      | Noticed a phantom
  1490 | D:3      | Found a shimmering blue altar of Sif Muna.
  1532 | D:3      | Reached XP level 3. HP: 31/31 MP: 4/4
  2268 | D:4      | Found a staircase to the Ecumenical Temple.
  2308 | D:4      | Reached XP level 4. HP: 19/38 MP: 4/6
  2506 | D:4      | Slain by a scorpion

Levels and vault maps discovered:
D:1:      saegor_arrival_simple_b, layout_basic
D:2:      layout_basic, lemuel_round_altar, doesnt_xom_only_xom, tso_metal_star,
          lemuel_coloured_pillars_altar, grunt_qazlal_clouds,
          kiku_gazebo_pond_becter, st_stairs_5, minmay_fractal_squares_gapless_5
D:3:      layout_basic, nicolae_overflow_hidden_temple, minmay_box_of_dots
D:4:      layout_gridville, cheibriados_altar_1,
          minmay_temple_entry_sparse_star, serial_shops, shop, uniq_natasha

Skill      XL: |  1  2  3 |
---------------+----------+-----
Axes           | 2 |  2.2
Dodging        | 1 |  1.1
Armour         | 2 |  2.0
Fighting       | |  3.5
Invocations    | |  2.6

Action                   |  1- 3 |  4- 6 || total
-------------------------+-------+-------++-------
Melee: Hand axe          |   104 |    10 ||   114
       Kick              |    14 |     2 ||    16
Invok: Depart the Abyss  |     1 |       ||     1
  Use: Scroll            |     5 |       ||     5
       Potion            |     1 |     2 ||     3
  Eat: Chunk             |     2 |       ||     2
Armor: Leather armour    |    38 |       ||    38
       Ring mail         |    14 |     1 ||    15
Dodge: Dodged            |    70 |     4 ||    74

Table legend:
 A = Non-vault XP
 B = Vault XP
 C = Vault XP percentage of total XP
 D = Non-vault monster count
 E = Vault monster count
 F = Vault count percentage of total count
                 A         B        C        D         E       F
            +---------+---------+-------+---------+---------+-------
      Total |      94 |       8 |   7.8 |      39 |       2 |   4.9
            +---------+---------+-------+---------+---------+-------
        D:1 |      33 |       0 |   0.0 |      18 |       0 |   0.0
        D:2 |       3 |       0 |   0.0 |       2 |       0 |   0.0
        D:3 |      28 |       8 |  22.2 |      14 |       2 |  12.5
        D:4 |      30 |       0 |   0.0 |       5 |       0 |   0.0
            +---------+---------+-------+---------+---------+-------
